 Dungeon Crawl Stone Soup version 0.24.0-13-gcf9b3192b9 (webtiles) character file.

Game seed: 5604159974842833106, levelgen mode: deterministic

3481 Monsterracer the Cleaver (level 9, 82/84 HPs)
             Began as a Deep Dwarf Fighter on Nov 9, 2019.
             Quit the game in the Ecumenical Temple.
             The game lasted 00:02:52 (5369 turns).

Monsterracer the Cleaver (Deep Dwarf Fighter)       Turns: 5369, Time: 00:02:53

Health: 82/84      AC: 22    Str: 22    XL:     9   Next: 79%
Magic:  3/3        EV:  5    Int: 10    God:
Gold:   166        SH: 11    Dex: 12    Spells: 8/8 levels left

rFire    . . .     SeeInvis .   a - +0 war axe
rCold    + . .     Gourm    .   i - +0 shield
rNeg     . . .     Faith    .   n - +4 plate armour
rPois    .         Spirit   .   f - +0 helmet
rElec    .         Reflect  .   (no cloak)
rCorr    .         Harm     .   k - +2 pair of gloves
MR       +....                  (no boots)
Stlth    ..........             (no amulet)
HPRegen  0.00/turn              C - ring of protection from cold
MPRegen  0.08/turn              (no ring)

@: non-regenerating
A: damage resistance, heal wounds, sense surroundings 2, no regeneration
a: Heal Wounds


You were in the Ecumenical Temple.
You were hungry.

You visited 2 branches of the dungeon, and saw 8 of its levels.

You collected 347 gold pieces.
You spent 181 gold pieces at shops.

Inventory:

Hand Weapons
 a - a +0 war axe (weapon)
 w - a +4 flail of venom
   (You took it off Edmund on level 4 of the Dungeon)
Missiles
 o - a throwing net (quivered) {!f}
Armour
 f - a +0 helmet (worn)
   (You found it on level 6 of the Dungeon)
 i - a +0 shield (worn)
 k - a +2 pair of gloves (worn)
   (You found it on level 2 of the Dungeon)
 n - a +4 plate armour (worn)
   (You took it off an orc warrior on level 7 of the Dungeon)
Jewellery
 v - the ring "Muokum" {Ice +Fly}
   (You found it on level 7 of the Dungeon)

   [ring of ice]

   It enhances your ice magic.
   It makes you vulnerable to fire.
   It protects you from cold.
   It lets you fly.
 C - a ring of protection from cold (left hand)
   (You found it on level 2 of the Dungeon)
Wands
 s - a wand of iceblast (8)
   (You found it on level 3 of the Dungeon)
 x - a wand of acid (7)
   (You found it on level 3 of the Dungeon)
Scrolls
 l - a scroll of fear {!r}
 m - a scroll of magic mapping
 r - 5 scrolls of remove curse
 t - 3 scrolls of teleportation {!r}
Potions
 d - a potion of lignification
 e - a potion of curing
 g - a potion of agility
 h - a potion of berserk rage {unknown}
 j - a potion of might
 p - a potion of magic
 q - 3 potions of flight
 u - a potion of invisibility
 z - 4 potions of degeneration {unknown}
Comestibles
 c - 11 rations


   Skills:
 + Level 6.3 Fighting
 * Level 10.0 Axes
 + Level 7.6 Armour
 + Level 7.6 Shields


You had 8 spell levels left.
You didn't know any spells.
Your spell library was empty.

Dungeon Overview and Level Annotations

Branches:
Dungeon (7/15)             Temple (1/1) D:7

Altars:
Ashenzari
Cheibriados
Dithmenos
Gozag
Hepliaklqana
Kikubaaqudgha
Qazlal
Uskayaw
Vehumet
Wu Jian
Yredelemnul
Zin
The Shining One

Shops:
D:6 ?

Annotations:
D:7 2 transporters, PlayerOfArmor's ghost, novice MiMo


Innate Abilities, Weirdness & Mutations

You are resistant to damage.
You can heal yourself by infusing magical energy.
You passively map the area around you.
You do not regenerate.


Message History

You drop a +0 scale mail.
Items here: ( )) [ a large rock; a +0 dagger; a +0 robe; a +0 giant spiked club
There is an open door here.
The quasit gives a chilling moan.
You hear a chilling moan.
Found a transporter.
You now have 135 gold pieces (gained 15).
Found a transporter.
You feel much better.
PlayerOfArmor's ghost turns its malevolent gaze towards you.
The quasit gives a chilling moan.
Found a staircase to the Ecumenical Temple.
No reachable target in view!
No reachable target in view!
No reachable target in view!
No reachable target in view!
No reachable target in view!
You now have 150 gold pieces (gained 15).
Found an escape hatch in the floor.
No target in view!
No target in view!
No target in view!
No target in view!
No target in view!
There is an escape hatch in the floor here.
z - 4 fizzy red potions (gained 1) Key pressed, stopping explore.
No target in view!
No target in view!
No target in view!
No target in view!
No target in view!
No target in view!
No target in view!
No target in view!
No target in view!
No target in view!
Found a stone staircase leading up.
No target in view!
No target in view!
No target in view!
No target in view!
No target in view!
There is a stone staircase leading up here.
There is a stone staircase leading up here.
As you open the door, it creaks loudly!
There is an open door here.
There is an open door here.
You now have 166 gold pieces (gained 16).
A crimson imp comes into view.
The crimson imp shouts!
The crimson imp blinks!
Found 2 potions of haste.
(D) Dungeon (T) Temple
Where to? (Enter - D:7, ? - help)
A crimson imp is nearby!
You hit the crimson imp.
The crimson imp is heavily wounded.
The crimson imp blinks!
The crimson imp hits you but does no damage.
You closely miss the crimson imp.
The crimson imp is moderately wounded.
You block the crimson imp's attack.
You slash the crimson imp!
You kill the crimson imp!
Your Axes skill increases to level 10!
No target in view!
No target in view!
No target in view!
No target in view!
No target in view!
No target in view!
(D) Dungeon (T) Temple
Where to? (Enter - Temple, ? - help)
Items here: )))) [[[ ÷
Things that are here:
a +3 hand axe; a +0 robe You open the door.
There is an open door here.
There is a staircase to the Ecumenical Temple here.
You climb downwards.
Welcome to the Ecumenical Temple!
Found a hazy altar of Hepliaklqana and a glowing silver altar of Zin.
There is a staircase back to the Dungeon here.
Key pressed, stopping travel.
Found a snail-covered altar of Cheibriados.
There is a snail-covered altar of Cheibriados here.
Found a basalt altar of Yredelemnul and a shattered altar of Ashenzari.
Found a radiant altar of Vehumet.
There is a basalt altar of Yredelemnul here.
You are feeling hungry.
Found an opulent altar of Gozag.
Found a shadowy altar of Dithmenos.
Found an ornate altar of the Wu Jian Council.
There is a shattered altar of Ashenzari here.
There is an ornate altar of the Wu Jian Council here.
Key pressed, stopping explore.
Key pressed, stopping explore.
Search for what [Enter for "glo", or ? for help]? ak Search for what [Enter for "ak", or ? for help]? mak Are you sure you want to abandon this character and quit the game? (Confirm with "yes".)

§§≈≈≈§§≈.......................§§
≈§≈≈≈§§§≈...._..........._...§§≈§
§§§≈≈§≈§§≈...................§≈§§
§≈§§≈≈≈§≈≈≈.................≈§§≈≈
≈≈≈§≈§§≈§§≈≈...............≈≈≈≈≈≈
§≈≈≈§≈≈≈≈§§§≈.............≈≈≈≈§§≈
≈≈≈§§§§≈§§§§≈≈.....<....§≈≈≈≈≈≈≈§
≈ §§§≈≈≈≈≈§≈§§§§§.......≈§≈ ≈≈ ≈
§§§≈≈≈≈§≈§§§§§@......≈≈≈≈ ≈
≈§≈§§≈§≈§§§§§....≈≈≈≈§ ≈≈≈
≈§§§≈≈≈§§§§≈≈≈§§§§≈≈§≈≈ ≈ ≈ ≈ ≈≈
§§§≈≈≈≈§§≈≈§§§≈≈≈≈≈≈≈≈ ≈
§≈§≈§≈≈§≈§§≈≈≈≈≈≈≈≈≈ ≈ ≈ ≈≈≈
≈§§§≈≈§§≈≈§≈≈≈§ ≈ ≈≈ ≈§≈≈≈ ≈
≈≈§≈≈ ≈ ≈ ≈ ≈ ≈≈ ≈ ≈ ≈ ≈≈ ≈≈ ≈ ≈
≈≈ ≈ ≈


There were no monsters in sight!

Vanquished Creatures
  A cyclops (D:7)
  A troll (D:7)
  Sigmund (D:5)
  Menkaure (D:4)
  Edmund (D:4)
  Duvessa (D:4)
  An orc warrior (D:7)
  An eye of draining (D:7)
  2 ice beasts (D:3 D:6)
  7 ogres (D:4 D:5 D:6 D:7)
  A centaur (D:6)
  A crocodile (D:7)
  Blork the orc (D:5)
  3 bullfrogs (D:6 D:7)
  Dowan (D:4)
  A scorpion (D:7)
  A howler monkey (D:3)
  4 wights (D:7)
  A bullfrog zombie (D:6)
  3 crimson imps (D:5 D:7)
  A quasit (D:6)
  2 centaur skeletons (D:4 D:7)
  2 jellies (D:5 D:7)
  3 orc priests (D:3 D:6)
  2 hounds (D:5 D:6)
  3 worker ants (D:4 D:6)
  A howler monkey skeleton (D:7)
  12 adders (D:2 D:3 D:5 D:6)
  3 gnolls (D:5)
  A shadow imp (D:6)
  An adder zombie (D:5)
  2 worms (D:3)
  A dart slug (D:5)
  2 leopard geckos (D:1 D:4)
  13 orcs (D:3 D:4 D:5 D:6 D:7)
  A ball python (D:3)
  4 giant cockroaches (D:3 D:6 D:7)
  4 goblins (D:2 D:3)
  A hobgoblin (D:3)
  5 jackals (D:2 D:3)
  4 kobolds (D:1 D:3)
  A quokka (D:3)
  5 bats (D:1 D:2 D:3)
  A frilled lizard (D:5)
  A giant cockroach zombie (D:6)
  2 jackal skeletons (D:4 D:6)
  A leopard gecko skeleton (D:4)
  A leopard gecko zombie (D:5)
  3 rats (D:2 D:3)
117 creatures vanquished.

Vanquished Creatures (others)
  An orc wizard (D:7)
1 creature vanquished.

Grand Total: 118 creatures vanquished

Notes
Turn   | Place    | Note
-------+----------+-------------------------------------------
     0 | D:1      | Monsterracer the Deep Dwarf Fighter began the quest for the
                  | Orb.
     0 | D:1      | Reached XP level 1. HP: 20/20 MP: 1/1
     6 | D:1      | Noticed an iguana
     6 | D:1      | Noticed a wolf
     6 | D:1      | Noticed a polar bear
     7 | D:1      | Noticed a wyvern
     7 | D:1      | Noticed a lindwurm
   772 | D:2      | Reached XP level 2. HP: 22/27 MP: 2/2
   871 | D:2      | Reached skill level 3 in Axes
   881 | D:2      | Reached XP level 3. HP: 28/34 MP: 3/3
   999 | D:2      | Found a glowing golden altar of the Shining One.
  1312 | D:3      | Found a hide-covered altar of Uskayaw.
  1323 | D:3      | Reached XP level 4. HP: 31/42 MP: 4/4
  1351 | D:3      | Reached skill level 4 in Axes
  1351 | D:3      | Reached XP level 5. HP: 27/49 MP: 5/5
  1466 | D:3      | Noticed an ice beast
  1475 | D:3      | HP: 18/49 [ice beast (12)]
  1479 | D:3      | Killed an ice beast
  1643 | D:3      | Reached XP level 6. HP: 56/56 MP: 6/6
  1731 | D:4      | Noticed Duvessa
  1732 | D:4      | Noticed Dowan
  1738 | D:4      | Killed Duvessa
  1738 | D:4      | Reached skill level 5 in Axes
  1742 | D:4      | HP: 22/57 [Dowan/shard of ice (10)]
  1749 | D:4      | Killed Dowan
  2112 | D:4      | HP: 18/57 [ogre/+0 giant club (14)]
  2117 | D:4      | Reached XP level 7. HP: 42/64 MP: 5/5
  2227 | D:4      | Reached skill level 5 in Armour
  2454 | D:4      | Noticed Menkaure
  2455 | D:4      | Noticed Edmund
  2459 | D:4      | Killed Menkaure
  2459 | D:4      | Reached skill level 6 in Axes
  2459 | D:4      | Reached skill level 5 in Shields
  2471 | D:4      | HP: 30/64 [poisoned by Edmund]
  2477 | D:4      | Killed Edmund
  2477 | D:4      | HP: 33/66 [poisoned by Edmund]
  2751 | D:4      | Found an ancient bone altar of Kikubaaqudgha.
  2798 | D:5      | Entered Level 5 of the Dungeon
  3075 | D:5      | HP: 23/66 [ogre/+0 giant club (18)]
  3137 | D:5      | Noticed Sigmund
  3145 | D:5      | HP: 33/66 [Sigmund/puff of flame (9)]
  3152 | D:5      | Killed Sigmund
  3152 | D:5      | Reached skill level 7 in Axes
  3152 | D:5      | Reached XP level 8. HP: 36/73 MP: 5/5
  3284 | D:5      | HP: 25/73 [ogre/+0 giant club (24)]
  3286 | D:5      | Reached skill level 5 in Fighting
  3357 | D:5      | Noticed Blork the orc
  3365 | D:5      | Killed Blork the orc
  3609 | D:6      | Found Haprunwu's Magic Scroll Boutique.
  3617 | D:6      | Bought a scroll of teleportation for 39 gold pieces
  3617 | D:6      | Bought a scroll of enchant armour for 97 gold pieces
  3617 | D:6      | Bought a scroll of magic mapping for 45 gold pieces
  3858 | D:6      | Reached skill level 8 in Axes
  4357 | D:6      | Gained mutation: You passively map the area around you.
                  | [Deep Dwarf growth]
  4357 | D:6      | Reached XP level 9. HP: 45/81 MP: 5/5
  4798 | D:7      | Found a stormy altar of Qazlal.
  4826 | D:7      | Noticed a troll
  4833 | D:7      | HP: 36/81 [troll (14)]
  4841 | D:7      | Killed a troll
  4841 | D:7      | Reached skill level 9 in Axes
  4855 | D:7      | HP: 30/82 [ogre/+0 giant spiked club (19)]
  4913 | D:7      | Noticed a cyclops
  4943 | D:7      | HP: 38/82 [cyclops/large rock (16)]
  4950 | D:7      | HP: 14/82 [crocodile (10)]
  4964 | D:7      | HP: 36/82 [cyclops (24)]
  4970 | D:7      | Killed a cyclops
  5003 | D:7      | Got a brightly glowing mace
  5007 | D:7      | Got a shimmering turquoise ring
  5008 | D:7      | Identified the ring "Muokum" {Ice +Fly} (You found it on
                  | level 7 of the Dungeon)
  5035 | D:7      | Found a transporter.
  5047 | D:7      | Found a transporter.
  5051 | D:7      | Noticed PlayerOfArmor's ghost (novice MiMo)
  5055 | D:7      | Found a staircase to the Ecumenical Temple.
  5212 | D:7      | Reached skill level 10 in Axes
  5250 | Temple   | Entered the Ecumenical Temple
  5369 | Temple   | Quit the game

Levels and vault maps discovered:
D:1:      onia_arrival_zoo_common, layout_basic
D:2:      layout_loops_cross, tso_altar
D:3:      layout_basic, eat_drink_and_be_merry_uskayaw, lemuel_crystal_altar
D:4:      layout_basic, first_ration, lemuel_tele_altar, uniq_menkaure,
          uniq_edmund, uniq_duvessa
D:5:      layout_loops_ring, uniq_blork_the_orc, uniq_sigmund
D:6:      layout_layer_cave, serial_shops, shop
D:7:      minmay_the_grid_octo_triangle [minmay_the_grid_octo_thin_diamonds,
          minmay_the_grid_octo_prize_ultimate_mussel_roller,
          minmay_the_grid_octo_vomiting_pacman], layout_basic,
          grunt_temple_overflow_champion_of_chaos,
          nicolae_qazlal_general_emergency, lemuel_crystal_altar,
          gammafunk_temple_overflow_forgotten, minmay_temple_entry_mini_moons,
          gammafunk_ghost_stat_death
Temple:   compressed_dpeg_triangle_lava_temple

Skill      XL: |  1  2  3  4  5  6  7  8  9 |
---------------+----------------------------+-----
Axes           | 3 4 5 7 8 10 | 10.0
Fighting       | 3 4 5 6 |  6.3
Shields        | 4 5 6 7 |  7.6
Armour         | 4 5 6 7 |  7.6

Action                   |  1- 3 |  4- 6 |  7- 9 || total
-------------------------+-------+-------+-------++-------
Melee: War axe           |    85 |   126 |   309 ||   520
 Abil: Heal Wounds       |       |     5 |    23 ||    28
  Use: Scroll            |       |       |    15 ||    15
  Eat: Chunk             |     1 |     3 |     7 ||    11
       Ration            |       |       |     1 ||     1
Armor: Scale mail        |    46 |    52 |   117 ||   215
       Plate armour      |       |       |     1 ||     1
Dodge: Dodged            |    20 |    47 |    95 ||   162
Block: Shield            |    48 |    68 |   187 ||   303
